 Dungeon Crawl Stone Soup version 0.21-a0-401-g0b6bec4 (webtiles) character file.

12311 jbilik11 the Severer (level 11, -18/93 HPs)
             Began as a Minotaur Fighter on Oct 21, 2017.
             Was a High Priest of Okawaru.
             Shot with an arrow by Nessos (21 damage)
             ... on level 2 of the Orcish Mines.
             The game lasted 00:29:56 (10067 turns).

jbilik11 the Severer (Minotaur Fighter)            Turns: 10067, Time: 00:29:57

Health: -18/93     AC: 22    Str: 28    XL:     11   Next: 60%
Magic:  10/10      EV:  6    Int:  5    God:    Okawaru [*****.]
Gold:   859        SH: 11    Dex: 11    Spells: 10/10 levels left

rFire    x . .     SeeInvis .   b - +1 war axe (freeze)
rCold    + . .     Gourm    .   c - +0 shield
rNeg     . . .     Faith    .   I - +0 plate armour
rPois    +         Spirit   .   (helmet restricted)
rElec    +         Reflect  .   j - +2 cloak {rPois}
rCorr    +         Harm     .   F - +0 pair of gloves
MR       .....                  p - +0 pair of boots
Stlth    ..........             (no amulet)
HPRegen  0.25/turn              y - ring of Amenot {Ice rElec Str+5}
MPRegen  0.12/turn              u - ring of resist corrosion

@: lethally poisoned (-18 -> -22)
A: retaliatory headbutt, horns 2
a: Heroism, Finesse, Renounce Religion


You were on level 2 of the Orcish Mines.
You worshipped Okawaru.
Okawaru was extremely pleased with you.
You were not hungry.

You visited 2 branches of the dungeon, and saw 11 of its levels.
You also visited: Ossuary.

You collected 879 gold pieces.
You spent 20 gold pieces at shops.

Inventory:

Hand Weapons
 b - a +1 war axe of freezing (weapon)
 E - the +6 executioner's axe of the Open Hand {pain, rF+ rN+ MR-}
   (Okawaru gifted it to you on level 9 of the Dungeon)

   In the hands of one skilled in necromantic magic, it inflicts extra damage on
   living creatures.
   It protects you from fire.
   It protects you from negative energy.
   It affects your resistance to hostile enchantments.
Missiles
 i - 241 stones (quivered) {uuuu}
 n - 14 tomahawks
Armour
 c - a +0 shield (worn)
 j - a +2 cloak of poison resistance (worn)
 p - a +0 pair of boots (worn)
 x - a scarf of spirit shield
 F - a +0 pair of gloves (worn)
 I - a +0 plate armour (worn)
Jewellery
 a - an uncursed ring of ice
 l - an uncursed ring of see invisible
 u - a ring of resist corrosion (right hand)
 y - the ring of Amenot (left hand) {Ice rElec Str+5}
   (You took it off a centaur on level 5 of the Dungeon)

   [ring of ice]

   It enhances your ice magic.
   It affects your strength (+5).
   It makes you vulnerable to fire.
   It protects you from cold.
   It insulates you from electricity.
 G - an uncursed ring of flight
Wands
 s - a wand of random effects (31/48)
 A - a wand of random effects (30/48)
 C - a wand of random effects (18/48)
 D - a wand of polymorph (6/24)
Scrolls
 h - 7 scrolls of teleportation
 k - 2 scrolls of remove curse
 z - 4 scrolls of identify
 H - a scroll of enchant weapon
 J - a scroll of fog
Potions
 d - 2 potions of might
 e - 4 potions of resistance
 m - 2 potions of flight
 o - 4 potions of curing
 r - a potion of agility
 t - a potion of haste
 v - 2 potions of ambrosia
 w - a potion of heal wounds
 B - a potion of brilliance
Comestibles
 f - 4 bread rations
 g - 4 meat rations
 q - 4 royal jellies


   Skills:
 + Level 7.7 Fighting
 + Level 15.4 Axes
 - Level 12.9 Armour
 - Level 1.0 Dodging
 - Level 6.2 Shields


You had 10 spell levels left.
You didn't know any spells.

Dungeon Overview and Level Annotations

Branches:
Dungeon (9/15)             Temple (0/1) D:6            Lair (0/6) D:8
    Orc (2/2) D:9
    Elf: Orc:2

Altars:
Ashenzari
Cheibriados
Gozag
Hepliaklqana
Nemelex Xobeh
Okawaru
Ru
Sif Muna
Trog
Uskayaw
Vehumet
Xom
Zin
Beogh

Shops:
D:5 ?   D:7 %(:   Orc:1 =   Orc:2 =

Annotations:
Orc:2 Nessos


Innate Abilities, Weirdness & Mutations

You reflexively headbutt those who attack you in melee.
You have a pair of horns on your head.


Message History

Nessos wields an uncursed longbow of flaming.
It bursts into flame!
Nessos shoots an arrow.
The arrow hits you! The arrow burns you.
You are poisoned.
Nessos blinks!
Found a roughly hewn altar of Beogh.
You feel sick.
Nessos shoots an arrow.
The arrow hits you!
* * * LOW HITPOINT WARNING * * *
The arrow burns you!
* * * LOW HITPOINT WARNING * * *
Nessos shoots an arrow.
The arrow barely misses you.
You see here an arrow.
You feel sick.
Nessos shoots an arrow.
The arrow hits you!
* * * LOW HITPOINT WARNING * * *
The arrow burns you.
* * * LOW HITPOINT WARNING * * *
You see here an arrow.
* * * LOW HITPOINT WARNING * * *
You feel sick.
Nessos shoots an arrow.
The arrow hits you!!
You die...

#[[[....## ...^.....#
......_........ #......###
#..............
........#####..............
...#.#....#.##.#...#...c...
..####......#.#............
..# ##....................
...# ##.....#.#....$..$....
....##[[...#....@((........
.....)..#.#................
.......#####....#..........
$#.......# #.((((#...#.....
##....### ##.#.##....#....
###### #######..####.. ####
#


You could see Nessos.

Vanquished Creatures
  An orc warlord (Orc:1)
  Harold (Orc:1)
  The ghost of ShadedKnight the Martial Artist, a novice GnTm of Uskayaw (D:9)
  The ghost of Maxmaps the Ducker, a novice OpMo of Gozag (D:6)
  2 trolls
  Grinder (D:4)
  A hornet (D:8)
  A hippogriff (D:7)
  Sigmund (D:4)
  The ghost of lunkers the Firebug, an amateur DEFE of Vehumet (D:4)
  A wyvern (D:8)
  3 wraiths (D:7)
  Edmund (D:5)
  3 wargs
  A black bear (D:9)
  13 orc warriors
  9 ice beasts
  2 sky beasts
  7 ogres
  A necrophage (D:9)
  A centaur (D:5)
  A crocodile (D:9)
  5 big kobolds (D:9)
  5 bullfrogs
  6 gnoll sergeants
  2 wyvern skeletons
  10 scorpions (Ossuary)
  5 wights (D:8)
  4 crimson imps
  4 centaur zombies (Ossuary)
  A jelly (D:7)
  2 quasits
  Crazy Yiuf (D:6)
  12 orc priests
  3 hounds
  2 human zombies (Ossuary)
  A bullfrog skeleton (D:7)
  An iguana (D:5)
  19 orc wizards
  4 worker ants
  4 big kobold zombies (Ossuary)
  A hound zombie (D:5)
  4 mummies
  11 gnolls
  2 scorpion zombies (Ossuary)
  10 adders
  A shadow imp (D:8)
  An ooze (D:1)
  2 adder zombies
  2 adder skeletons
  4 worms
  2 dart slugs (D:2)
  4 leopard geckos
  51 orcs
  8 bats
  6 giant cockroaches
  A gnoll zombie (Ossuary)
  A goblin (D:1)
  8 hobgoblins
  11 jackals
  14 kobolds
  4 quokkas
  2 ball pythons
  5 frilled lizards
  A goblin zombie (Ossuary)
  3 hobgoblin zombies (Ossuary)
  A jackal skeleton (D:5)
  A jackal zombie (D:5)
  3 orc zombies (Ossuary)
  9 rats
318 creatures vanquished.

Vanquished Creatures (others)
  A scorpion zombie (Ossuary)
1 creature vanquished.

Grand Total: 319 creatures vanquished

Notes
Turn   | Place    | Note
-------+----------+-------------------------------------------
     0 | D:1      | jbilik11 the Minotaur Fighter began the quest for the Orb.
     0 | D:1      | Reached XP level 1. HP: 19/19 MP: 0/0
   188 | D:1      | Reached XP level 2. HP: 21/26 MP: 1/1
  1028 | D:2      | Reached XP level 3. HP: 30/31 MP: 2/2
  1425 | D:2      | Reached skill level 3 in Axes
  1429 | D:2      | Reached skill level 5 in Shields
  1783 | D:2      | Reached skill level 1 in Dodging
  1939 | D:2      | Found a shattered altar of Ashenzari.
  1940 | D:2      | Found a deep blue altar of Sif Muna.
  2103 | D:3      | Reached XP level 4. HP: 38/39 MP: 3/3
  2174 | D:3      | Found a glowing silver altar of Zin.
  2232 | D:3      | Found a sacrificial altar of Ru.
  2245 | D:3      | Reached skill level 4 in Axes
  2375 | D:3      | Noticed a moth of wrath
  2378 | D:3      | Found a bloodstained altar of Trog.
  2767 | D:3      | Found an iron altar of Okawaru.
  2832 | D:3      | Became a worshipper of Warmaster Okawaru
  2931 | D:4      | Reached XP level 5. HP: 40/45 MP: 4/4
  2942 | D:4      | Found a hide-covered altar of Uskayaw.
  3044 | D:4      | Reached skill level 5 in Axes
  3068 | D:4      | Noticed Grinder
  3083 | D:4      | Killed Grinder
  3083 | D:4      | Reached * piety under Okawaru
  3083 | D:4      | Reached skill level 7 in Axes
  3083 | D:4      | Reached XP level 6. HP: 3/51 MP: 5/5
  3115 | D:4      | Found a sand-covered staircase.
  3123 | Ossuary  | Entered an ossuary
  3516 | Ossuary  | Reached skill level 8 in Axes
  3516 | Ossuary  | Reached XP level 7. HP: 53/57 MP: 6/6
  3579 | Ossuary  | Reached skill level 9 in Axes
  3582 | Ossuary  | HP: 2/57 [scorpion (2)]
  3775 | Ossuary  | Reached ** piety under Okawaru
  3985 | Ossuary  | Identified a scroll of acquirement
  4040 | Ossuary  | Reached skill level 10 in Axes
  4066 | Ossuary  | Reached XP level 8. HP: 50/64 MP: 7/7
  4127 | Ossuary  | Reached skill level 11 in Axes
  4219 | D:4      | Noticed Sigmund
  4228 | D:4      | Killed Sigmund
  4228 | D:4      | Reached *** piety under Okawaru
  4229 | D:4      | Noticed lunkers's ghost (amateur DEFE)
  4235 | D:4      | Killed lunkers's ghost
  4302 | D:4      | Found an opulent altar of Gozag.
  4446 | D:4      | Reached skill level 12 in Axes
  4864 | D:5      | Entered Level 5 of the Dungeon
  5049 | D:5      | Found Xamauhi's Magic Scroll Boutique.
  5076 | D:5      | Bought a scroll of identify for 20 gold pieces
  5121 | D:5      | Got a slimy turquoise ring
  5144 | D:5      | Reached skill level 5 in Armour
  5148 | D:5      | Found a bloodstained altar of Trog.
  5219 | D:5      | Reached XP level 9. HP: 38/70 MP: 8/8
  5339 | D:5      | Found a shimmering altar of Xom.
  5403 | D:5      | Noticed Edmund
  5421 | D:5      | Killed Edmund
  5477 | D:5      | Found a hazy altar of Hepliaklqana.
  5744 | D:5      | Identified the ring of Amenot {Ice rElec Str+5} (You took it off a centaur on level 5 of the Dungeon)
  5757 | D:6      | Noticed Maxmaps's ghost (novice OpMo)
  5779 | D:6      | Killed Maxmaps's ghost
  5779 | D:6      | Reached **** piety under Okawaru
  5975 | D:6      | Found a staircase to the Ecumenical Temple.
  6331 | D:6      | Found a runed door.
  6335 | D:6      | Noticed Crazy Yiuf
  6341 | D:6      | Killed Crazy Yiuf
  6449 | D:7      | Reached skill level 10 in Armour
  6507 | D:7      | Found Ecwaph's Food Emporium.
  6589 | D:7      | Found a sparkling altar of Nemelex Xobeh.
  6607 | D:7      | Found a snail-covered altar of Cheibriados.
  6724 | D:7      | Reached ***** piety under Okawaru
  7020 | D:7      | Found the +5 scythe "Finisher" {speed, Str+3}
  7043 | D:7      | Received a gift from Okawaru
  7043 | D:7      | Reached XP level 10. HP: 63/77 MP: 9/9
  7149 | D:7      | Found Qooph's Antique Weapon Shoppe.
  7158 | D:7      | Found Gatoruim's Book Boutique.
  7291 | D:8      | Found a staircase to the Lair.
  7304 | D:8      | Found a radiant altar of Vehumet.
  7552 | D:8      | Paralysed by a hornet for 3 turns
  7856 | D:9      | Noticed ShadedKnight's ghost (novice GnTm)
  7871 | D:9      | Killed ShadedKnight's ghost
  7920 | D:9      | Received a gift from Okawaru
  8043 | D:9      | Got a polished executioner's axe {god gift}
  8049 | D:9      | Identified the +6 executioner's axe of the Open Hand {pain, rF+ rN+ MR-} (Okawaru gifted it to you on level 9 of the Dungeon)
  8124 | D:9      | Reached skill level 13 in Axes
  8452 | D:9      | Found a staircase to the Orcish Mines.
  8460 | D:9      | Reached skill level 5 in Fighting
  8747 | Orc:1    | Entered Level 1 of the Orcish Mines
  8770 | Orc:1    | Reached XP level 11. HP: 69/89 MP: 7/10
  8856 | Orc:2    | Entered Level 2 of the Orcish Mines
  8879 | Orc:1    | Noticed Harold
  8883 | Orc:1    | Reached skill level 14 in Axes
  8887 | Orc:1    | Noticed an orc warlord
  8901 | Orc:1    | Killed Harold
  9622 | Orc:1    | Killed an orc warlord
  9622 | Orc:1    | Received a gift from Okawaru
  9622 | Orc:1    | Reached skill level 15 in Axes
  9657 | Orc:1    | Found Oniele's Jewellery Emporium.
  9955 | Orc:2    | Found Kiarph Cenee's Jewellery Shoppe.
 10056 | Orc:2    | Noticed Nessos
 10064 | Orc:2    | Found a roughly hewn altar of Beogh.
 10066 | Orc:2    | HP: 4/93 [Nessos/arrow (3)]
 10067 | Orc:2    | Shot with an arrow by Nessos

Vault maps used:
D:1:      dpeg_arrival_snail
D:2:      gammafunk_temple_overflow_statue, kennysheep_generic_room_2
D:3:      lemuel_doored_altar, tgw_trog, nicolae_ru_great_annihilating_truth,
          old_standard_altar, serial_co_window_serial, co_window_paths_a,
          co_window_paths_a, co_window_corner_a, co_window_of_opportunity_a,
          co_window_paths_a, co_window_broadway_c, co_window_unsneaky_path_a,
          co_window_2corner, glass_columns_a, glass_columns_b, glass_columns_c,
          glass_columns_a, glass_columns_a
D:4:      eat_drink_and_be_merry_uskayaw, lemuel_crystal_altar,
          gup_ossuary_entry_pyramid, uniq_grinder, uniq_sigmund
D:5:      xom_butterflies, marbit_many_paths, basic_altar, serial_shops,
          nicolae_shop_waterfront, first_bread, uniq_edmund
D:6:      temple_fountains, minmay_misc_feat_nine_boxes, serial_park_tiny_2,
          eino_small_chamber_without_monster, uniq_crazy_yiuf_cottage
D:7:      nemelex_xobeh_ov_fountains_minmay, old_standard_altar, serial_shops,
          nicolae_shop_trees, shop, shop_fountains,
          minmay_guarded_unrand_finisher
D:8:      nicolae_overflow_crystal_walls, lair_entry_dummy
D:9:      kennysheep_orc_monster_closet_entryway
Orc:1:    portal_ice_cave_entry_ice_beasts, serial_shops, shop, uniq_harold
Orc:2:    kennysheep_orc_mage_school, serial_shops, shop, basic_altar,
          uniq_erolcha, uniq_nessos
Ossuary:  ossuary_minmay_scorpions

Skill      XL: |  1  2  3  4  5  6  7  8  9 10 11 |
---------------+----------------------------------+-----
Shields        | 4 5 6 |  6.2
Axes           | 3 4 7 8 10 12 13 15 | 15.4
Dodging        | 1 |  1.0
Armour         | 6 11 12 | 12.9
Fighting       | 5 7 |  7.7

Action                   |  1- 3 |  4- 6 |  7- 9 | 10-12 || total
-------------------------+-------+-------+-------+-------++-------
Melee: War axe           |   114 |    91 |   366 |   366 ||   937
       Headbutt          |    15 |    18 |    86 |    71 ||   190
Invok: Heroism           |       |       |     3 |     8 ||    11
  Use: Scroll            |     3 |     2 |    14 |     4 ||    23
       Potion            |       |     2 |     3 |     3 ||     8
 Stab: Invisible         |       |     1 |       |       ||     1
  Eat: Chunk             |     4 |     3 |     5 |    10 ||    22
       Royal jelly       |       |     1 |       |     1 ||     2
       Meat ration       |       |       |     1 |       ||     1
Armor: Scale mail        |    84 |    19 |    64 |       ||   167
       Chain mail        |       |       |    61 |       ||    61
       Plate armour      |       |       |    14 |   228 ||   242
       Skin              |       |       |     6 |       ||     6
Dodge: Dodged            |    49 |    26 |    72 |   124 ||   271
Block: Shield            |    88 |    38 |   175 |   233 ||   534

Table legend:
 A = Spawn XP
 B = Non-spawn XP
 C = Spawn XP percentage of total XP
 D = Spawn monster count
 E = Non-spawn monster count
 F = Spawn count percentage of total count
 G = Total turns spent on level
                    A         B        C        D         E        F      G
               +---------+---------+-------+---------+---------+-------+---------
         Total |       0 |   17588 |   0.0 |       0 |     318 |   0.0 | 10067
               +---------+---------+-------+---------+---------+-------+---------
           D:1 |       0 |      40 |   0.0 |       0 |      23 |   0.0 |  1004
           D:2 |       0 |      53 |   0.0 |       0 |      20 |   0.0 |  1092
           D:3 |       0 |      83 |   0.0 |       0 |      16 |   0.0 |   798
           D:4 |       0 |     868 |   0.0 |       0 |      12 |   0.0 |   917
           D:5 |       0 |     917 |   0.0 |       0 |      30 |   0.0 |   855
           D:6 |       0 |    1224 |   0.0 |       0 |      25 |   0.0 |   684
           D:7 |       0 |    1630 |   0.0 |       0 |      25 |   0.0 |   800
           D:8 |       0 |    1339 |   0.0 |       0 |      23 |   0.0 |   462
           D:9 |       0 |    3376 |   0.0 |       0 |      49 |   0.0 |  1047
         Orc:1 |       0 |    5532 |   0.0 |       0 |      44 |   0.0 |   519
         Orc:2 |       0 |    1387 |   0.0 |       0 |      18 |   0.0 |   801
       Ossuary |       0 |    1139 |   0.0 |       0 |      33 |   0.0 |  1088
               +---------+---------+-------+---------+---------+-------+---------
